 Dungeon Crawl Stone Soup version 0.19.0-19-g8c6edcc (webtiles) character file.

8957 BorisBritva the Spear-Bearer (level 11, 0/87 HPs)
             Began as a Demonspawn Gladiator on Nov 13, 2016.
             Killed by vampiric draining
             ... invoked by a vampire
              (17 damage)
             ... on level 11 of the Dungeon.
             The game lasted 00:37:50 (9072 turns).

BorisBritva the Spear-Bearer (Demonspawn Gladiator) Turns: 9072, Time: 00:37:51

Health: 0/87       AC: 14    Str: 20    XL:     11   Next: 16%
Magic:  15/15      EV: 12    Int: 12    God:
Gold:   520        SH:  0    Dex: 13    Spells: 2 memorised, 10 levels left

rFire  + . .     SeeInvis +     P - +1 trident (flame)
rCold  + + .     Gourm    .     o - +0 scale mail "Umam" {-Cast rPois rC++ Int+3}
rNeg   . . .     Faith    .     (no shield)
rPois  +         Spirit   .     c - +0 helmet
rElec  .         Reflect  +     (no cloak)
rCorr  +         Harm     .     q - +0 pair of gloves
MR     .....     NoCast   +     (no boots)
Stlth  ..........               B - +4 amulet of reflection
                                l - ring of protection from fire
                                y - ring of see invisible

@: confused
A: yellow scales 3, powered by death 2, spiny 2
a: no special abilities


You were on level 11 of the Dungeon.
You were not hungry.

You visited 2 branches of the dungeon, and saw 12 of its levels.

You collected 520 gold pieces.

Inventory:

Hand Weapons
 w - a +2 spear of venom
 P - a +1 trident of flaming (weapon)
Missiles
 d - 3 throwing nets
Armour
 c - a +0 helmet (worn)
 o - the +0 scale mail "Umam" (worn) {-Cast rPois rC++ Int+3}
   (You found it on level 4 of the Dungeon)

   It affects your intelligence (+3).
   It greatly protects you from cold.
   It protects you from poison.
   It prevents spellcasting.
 q - a +0 pair of gloves (worn)
 J - a +3 plate armour
Jewellery
 l - a ring of protection from fire (right hand)
 s - a +4 ring of dexterity
 y - a ring of see invisible (left hand)
 B - a +4 amulet of reflection (around neck)
 O - an uncursed amulet of regeneration
Wands
 b - a wand of flame (25/48)
 r - a wand of flame (10/48)
 A - a wand of flame (47/48) (quivered)
 C - a wand of paralysis (8/24)
 D - a wand of lightning (10/15)
 E - a wand of digging (2/24)
 N - a wand of lightning (10/15)
 Q - a wand of acid (5/15)
Scrolls
 i - 4 scrolls of amnesia
 j - 2 scrolls of identify
 k - 2 scrolls of magic mapping
 n - 2 scrolls of remove curse
 t - 8 scrolls of teleportation
 F - 2 scrolls of fog
 H - a scroll of blinking
 L - 5 scrolls of noise
Potions
 g - 3 potions of might
 h - a potion of agility {unknown}
 u - a potion of invisibility {unknown}
 x - 2 potions of haste
 z - a potion of curing
 M - a potion of magic {unknown}
Books
 e - a book of Frost

   Spells                             Type                      Level
   a - Freeze                         Ice                          1
   b - Throw Frost                    Conjuration/Ice              2
   c - Ozocubu's Armour               Charms/Ice                   3
   d - Throw Icicle                   Conjuration/Ice              4
   e - Summon Ice Beast               Ice/Summoning                4
 G - a book of Battle

   Spells                             Type                      Level
   a - Infusion                       Charms                       1
   b - Shroud of Golubria             Charms/Translocation         2
   c - Song of Slaying                Charms                       2
   d - Spectral Weapon                Hexes/Charms                 3
   e - Regeneration                   Charms/Necromancy            3
 K - a book of Misfortune

   Spells                             Type                      Level
   a - Confusing Touch                Hexes                        1
   b - Confuse                        Hexes                        3
   c - Gell's Gravitas                Hexes/Translocation          3
   d - Petrify                        Transmutation/Earth          4
   e - Metabolic Englaciation         Hexes/Ice                    5
   f - Yara's Violent Unravelling     Hexes/Transmutation          5
Comestibles
 a - 22 chunks of flesh
 f - 6 bread rations
 m - a slice of pizza
 p - a meat ration
 v - 2 fruits
 I - 10 royal jellies


   Skills:
 * Level 8.9 Fighting
 + Level 10.5 Polearms
 + Level 4.0 Throwing
 + Level 5.6 Armour
 + Level 5.1 Dodging
 * Level 2.9 Spellcasting
 * Level 3.3 Charms


You had 10 spell levels left.
You knew the following spells:

 Your Spells              Type           Power        Failure   Level  Hunger
a - Song of Slaying       Chrm           #.......     24%         2    ###....
b - Regeneration          Chrm/Necr      #.........   92%         3    ###....


Dungeon Overview and Level Annotations

Branches:
Dungeon (11/15)            Temple (1/1) D:5            Lair (0/6) D:11
    Orc (0/2) D:11

Altars:
Elyvilon
Makhleb

Annotations:
D:7 1 runed door


Innate Abilities, Weirdness & Mutations

You are completely covered in yellow scales. (AC +4, rCorr)
You regenerate health from kills.
You are mostly covered in sharp spines.


Message History

You hit the vampire but do no damage.
The vampire is almost destroyed.
You block the vampire's attack. The vampire misses you.
You hit the vampire but do no damage.
The vampire is almost destroyed.
The vampire casts a spell at you.
You are confused.
You are too injured to fight recklessly!
You bump into the rock wall.
The vampire casts a spell at you.
You are more confused.
You're too confused to move!
The vampire hits you but does no damage.
The vampire bites you.
* * * LOW HITPOINT WARNING * * *
The vampire draws strength from your injuries!
You are too injured to fight recklessly!
You're too confused!
The vampire is infused with unholy energy.
You die...

....... ######
########....... ......
............... ...<..
#............ ......
#............ ......
#.....# .##### #.....#
.# #.....# .# #.@V..#
.# #.....# .# #..<..#
.# #....)######### .#
####.............# .#
..........÷......# ..
.##
........######...#....
... ........#
#.....P.. .# #.......#
#..†.....


You could see a vampire (invisible).

Vanquished Creatures
  A hill giant (D:10)
  A manticore (D:8)
  An elephant (D:11)
  Joseph (D:8)
  A yaktaur (D:10)
  A two-headed ogre (D:8)
  3 hippogriffs
  Grinder (D:4)
  2 wargs (D:11)
  8 orc warriors
  2 necrophages
  9 ogres
  3 ice beasts
  A phantom (D:6)
  2 centaurs
  A crocodile (D:11)
  Blork the orc (D:4)
  2 big kobolds
  10 bullfrogs
  2 scorpions
  9 killer bees
  3 wights (D:8)
  4 howler monkeys
  7 crimson imps
  A bullfrog zombie (D:9)
  A quasit (D:8)
  4 hounds
  8 jellies
  20 orc wizards
  A centaur skeleton (D:6)
  6 orc priests
  A bullfrog skeleton (D:6)
  Jessica (D:3)
  3 iguanas
  Ijyb (D:2)
  5 worker ants
  A killer bee zombie (D:10)
  2 hound zombies
  A hound skeleton (D:8)
  A worker ant zombie (D:7)
  Robin (D:4)
  7 gnolls
  11 adders
  3 shadow imps
  6 oozes
  4 adder zombies
  An adder skeleton (D:8)
  3 dart slugs
  5 leopard geckos
  45 orcs
  4 ball pythons
  10 bats
  6 giant cockroaches
  7 hobgoblins
  4 jackals (D:2)
  3 quokkas
  7 frilled lizards
  12 goblins
  8 kobolds
  A quokka skeleton (D:5)
  4 rats (D:2)
285 creatures vanquished.

Vanquished Creatures (others)
  A quokka (D:10)
1 creature vanquished.

Grand Total: 286 creatures vanquished

Notes
Turn   | Place    | Note
-------+----------+-------------------------------------------
     0 | D:1      | BorisBritva the Demonspawn Gladiator began the quest for the Orb.
     0 | D:1      | Reached XP level 1. HP: 16/16 MP: 1/1
   222 | D:1      | Reached skill level 3 in Polearms
   234 | D:1      | Gained mutation: You are partially covered in sharp spines. [demonic ancestry]
   234 | D:1      | Reached XP level 2. HP: 15/22 MP: 2/2
   648 | D:2      | Found a burning altar of Makhleb.
   879 | D:2      | Noticed Ijyb
   883 | D:2      | Gained mutation: You are partially covered in yellow scales. (AC +2) [demonic ancestry]
   883 | D:2      | Reached XP level 3. HP: 27/27 MP: 3/3
   902 | D:2      | Killed Ijyb
   960 | D:2      | Gained mutation: You regenerate a little health from kills. [demonic ancestry]
   960 | D:2      | Reached XP level 4. HP: 34/34 MP: 4/4
  1408 | D:3      | Noticed Jessica
  1412 | D:3      | Killed Jessica
  1412 | D:3      | Reached skill level 4 in Polearms
  1504 | D:3      | Reached XP level 5. HP: 28/39 MP: 5/5
  2109 | D:4      | Noticed Blork the orc
  2119 | D:4      | Killed Blork the orc
  2119 | D:4      | Reached skill level 1 in Armour
  2119 | D:4      | Gained mutation: You are mostly covered in yellow scales. (AC +3) [demonic ancestry]
  2119 | D:4      | Reached XP level 6. HP: 43/47 MP: 6/6
  2136 | D:4      | Found a white marble altar of Elyvilon.
  2154 | D:4      | Noticed Grinder
  2174 | D:4      | Killed Grinder
  2174 | D:4      | Reached skill level 5 in Polearms
  2174 | D:4      | Gained mutation: You are mostly covered in sharp spines. [demonic ancestry]
  2174 | D:4      | Reached XP level 7. HP: 38/53 MP: 7/7
  2466 | D:4      | Got a faintly glowing scale mail
  2477 | D:4      | Identified the cursed +0 scale mail "Umam" {-Cast rPois rC++ Int+3} (You found it on level 4 of the Dungeon)
  2499 | D:4      | Noticed Robin
  2513 | D:4      | Killed Robin
  2785 | D:4      | Reached skill level 6 in Polearms
  3178 | D:4      | Reached XP level 8. HP: 61/61 MP: 8/8
  3195 | D:5      | Entered Level 5 of the Dungeon
  3206 | D:5      | Found a staircase to the Ecumenical Temple.
  3218 | Temple   | Entered the Ecumenical Temple
  3999 | D:5      | Reached skill level 5 in Fighting
  4227 | D:6      | Reached skill level 7 in Polearms
  4254 | D:6      | Learned a level 2 spell: Song of Slaying
  4258 | D:6      | Learned a level 3 spell: Regeneration
  4484 | D:6      | Reached skill level 1 in Charms
  4703 | D:6      | Reached skill level 1 in Spellcasting
  4925 | D:6      | Gained mutation: You are completely covered in yellow scales. (AC +4, rCorr) [demonic ancestry]
  4925 | D:6      | Reached XP level 9. HP: 67/68 MP: 10/10
  5676 | D:7      | Found a runed door.
  6004 | D:7      | Reached skill level 8 in Polearms
  6409 | D:8      | Noticed a manticore
  6426 | D:8      | Killed a manticore
  6430 | D:8      | Reached skill level 9 in Polearms
  6498 | D:8      | Noticed Joseph
  6523 | D:8      | Killed Joseph
  6523 | D:8      | Gained mutation: You regenerate health from kills. [demonic ancestry]
  6523 | D:8      | Reached XP level 10. HP: 58/79 MP: 12/12
  6874 | D:8      | Identified a scroll of acquirement
  7150 | D:8      | Reached skill level 5 in Armour
  7501 | D:9      | Reached skill level 10 in Polearms
  7696 | D:9      | Reached skill level 5 in Dodging
  8008 | D:10     | Entered Level 10 of the Dungeon
  8405 | D:10     | Noticed a hill giant
  8432 | D:10     | Killed a hill giant
  8550 | D:10     | Reached XP level 11. HP: 87/87 MP: 15/15
  8939 | D:11     | Found a staircase to the Orcish Mines.
  9009 | D:11     | Found a staircase to the Lair.
  9072 | D:11     | Killed from afar by a vampire

Skill      XL: |  1  2  3  4  5  6  7  8  9 10 11 |
---------------+----------------------------------+-----
Polearms       | 3 4 5 6 7 9 10 | 10.5
Dodging        | 3 4 5 |  5.1
Throwing       | 2 3 4 |  4.0
Fighting       | 3 4 5 7 8 |  8.9
Armour         | 1 2 3 4 5 |  5.6
Charms         | 1 2 3 |  3.3
Spellcasting   | 1 2 |  2.9

Action                   |  1- 3 |  4- 6 |  7- 9 | 10-12 || total
-------------------------+-------+-------+-------+-------++-------
Melee: Trident           |    85 |    44 |       |   241 ||   370
       Spear             |       |    77 |   387 |   202 ||   666
  Use: Scroll            |       |     6 |     4 |    12 ||    22
       Potion            |       |       |     1 |     1 ||     2
  Eat: Chunk             |       |     4 |     5 |     9 ||    18
       Bread ration      |       |       |     2 |       ||     2
Armor: Leather armour    |    30 |       |       |       ||    30
       Scale mail        |     1 |    29 |    89 |    79 ||   198
Dodge: Dodged            |    46 |    36 |    94 |   110 ||   286
Block: Other             |       |       |    31 |    44 ||    75
       Reflection        |       |       |     4 |     3 ||     7
